 Dungeon Crawl Stone Soup version 0.29.0-13-gc9e81de378 (webtiles) character file.

Game seed: 10986112752583410985

49 unlimited1921 the Magician (level 4, -6/31 HPs)
             Began as a Djinni Fire Elementalist on Sept 9, 2022.
             Mangled by Crazy Yiuf
             ... wielding a +2 quarterstaff of chaos
              (11 damage)
             ... on level 3 of the Dungeon.
             The game lasted 00:07:41 (3807 turns).

unlimited1921 the Magician (DjFE)                   Turns: 3807, Time: 00:07:42

Health: -6/31      AC:  4    Str:  9    XL:     4   Next: 2%
Gold:   90         EV: 12    Int: 18    God:
                   SH:  0    Dex: 14

rFire   + + .      SeeInvis .   u - +7 hammer of Nucue {venom, Contam rC+ Will++ Str+2}
rCold   . . .      Faith    .   (no shield)
rNeg    . . .      Spirit   .   b - +0 leather armour
rPois   ∞          Reflect  .   l - +0 helmet
rElec   .          Harm     .   (no cloak)
rCorr   .          Rampage  .   (no gloves)
Will    ++...                   (boots unavailable)
Stlth   ++........              r - amulet of regeneration
HPRegen 0.90/turn               (no ring)
MPRegen 0.00/turn               (no ring)

@: flying
A: sickness immunity, fire resistance 2, cold vulnerability 1, float, innate
caster, HP casting, extra vitality 1
a: no special abilities


You were on level 3 of the Dungeon.
You visited 1 branch of the dungeon, and saw 3 of its levels.

You collected 90 gold pieces.

Inventory:

Hand Weapons
 a - a +1 sling of flaming
 p - a +0 scimitar
 u - the +7 hammer of Nucue (weapon) {venom, Contam rC+ Will++ Str+2}
   (You found it on level 3 of the Dungeon)

   It poisons the flesh of those it strikes.
   Str:       It affects your strength (+2).
   rC:        It protects you from cold.
   Contam:    It causes magical contamination when unequipped.
   Will:      It greatly increases your willpower.
 v - a +1 hammer of protection
Missiles
 f - 6 poisoned darts
 g - 29 stones
 j - 3 atropa-tipped darts (quivered)
Armour
 b - a +0 leather armour (worn)
 l - a +0 helmet (worn)
 t - a +0 scale mail
Jewellery
 r - an amulet of regeneration (around neck)
Scrolls
 c - 3 scrolls of blinking {unknown}
 e - 2 scrolls of immolation {unknown}
 h - 2 scrolls of identify {unknown}
 o - a scroll of brand weapon {unknown}
 q - a scroll of teleportation {unknown}
 s - a scroll of acquirement {unknown}
Potions
 d - a potion of cancellation {unknown}
 i - 2 potions of heal wounds {unknown}
 k - a potion of degeneration {unknown}
 m - 2 potions of mutation {unknown}
 n - a potion of curing {unknown}


   Skills:
 + Level 0.5 Ranged Weapons
 + Level 0.2 Armour
 + Level 2.4 Dodging
 + Level 1.8 Stealth
 + Level 3.2 Spellcasting


You couldn't memorise any spells.
You knew the following spells:

 Your Spells              Type           Power      Damage    Failure   Level
a - Foxfire               Conj/Fire      56%        2x1d6     6%          1
b - Scorch                Fire           28%        2d6       9%          2
c - Conjure Flame         Conj/Fire      14%        6-21      19%         3
d - Inner Flame           Hex/Fire       14%        N/A       19%         3
e - Flame Wave            Conj/Fire      14%        2d6       52%         4
f - Beastly Appendage     Tmut           28%        N/A       6%          1
Your spell library was empty.

Dungeon Overview and Level Annotations

Branches:
Dungeon (3/15)

Altars:

Annotations:
D:3 Crazy Yiuf


Innate Abilities, Weirdness & Mutations

You are immune to sickness and miasma.
You are immune to poison.
Your flesh is very heat resistant. (rF++)
You are vulnerable to cold. (rC-)
You float through the air rather than walking.
You learn spells naturally, not from books.
Your magical power is your life essence.
You have superior vitality. (+4 MHP)


Message History

You see here a +0 hammer.
You see here a +0 hammer.
You see here a +0 hammer.
You see here a +0 hammer.
Found a runed hammer.
You see here a +0 hammer.
You see here a +1 hammer of protection.
v - a +1 hammer of protection
Found a hammer.
You see here a +0 hammer.
Casting: Foxfire (safe; 6% risk of failure)
Confirm with . or Enter, or press ? or * to list all spells.
Okay, then.
Unknown command.
Casting: Foxfire (safe; 6% risk of failure)
Confirm with . or Enter, or press ? or * to list all spells.
Okay, then.
You reach down and open the door.
Crazy Yiuf drinks a potion.
Crazy Yiuf seems to speed up.
Casting: Foxfire (safe; 6% risk of failure)
Confirm with . or Enter, or press ? or * to list all spells.
Flames lash Crazy Yiuf.
Crazy Yiuf is moderately wounded.
Crazy Yiuf's fire resistance burns away.
Crazy Yiuf hits you with a +2 quarterstaff of chaos!
Crazy Yiuf freezes you.
You see here a +0 hammer.
You hit Crazy Yiuf but do no damage.
Crazy Yiuf is poisoned.
Crazy Yiuf is moderately wounded.
Crazy Yiuf hits you with a +2 quarterstaff of chaos!
* * * LOW HITPOINT WARNING * * *
Crazy Yiuf hits you with a +2 quarterstaff of chaos.
* * * LOW HITPOINT WARNING * * *
You resist with almost no effort.
Crazy Yiuf yells, "Walk tired broken!"
Crazy Yiuf barely misses you.
You see here a +0 hammer.
Crazy Yiuf attacks as you move away!
Crazy Yiuf hits you with a +2 quarterstaff of chaos!
You die...

##.........##.##.##
#....########......
##..## ##.....
###....### #.#.#.
#.......)# #.#...
#......).# #.##..
##)....)).### ##.....
#.))......#.####...#.#
#.)..@...)#.).........
#.)).g.).)#.####...#.#
#...).)..)### ##.#..#
#))##'##.## ###.##
#).#...#.## #.#
#..#...#.)# #.#
#..#)..#..# #.#
##)#####..# #.#
#)).).).## #.#


You could see Crazy Yiuf (fast, very poisoned, combustible).

Vanquished Creatures
  An adder (D:2)
  A worm (D:2)
  3 dart slugs
  2 orcs (D:3)
  6 bats
  A giant cockroach (D:2)
  2 goblins (D:1)
  3 hobgoblins (D:2)
  6 kobolds
  A quokka (D:2)
  A ball python (D:2)
  A frilled lizard (D:2)
  2 rats (D:2)
30 creatures vanquished.

Vanquished Creatures (others)
  77 foxfires
77 creatures vanquished.

Grand Total: 107 creatures vanquished

Notes
Turn   | Place    | Note
-------+----------+-------------------------------------------
     0 | D:1      | unlimited1921 the Djinni Fire Elementalist began the quest
                  | for the Orb.
     0 | D:1      | unlimited1921 set off with the following spells memorised:
                  | Foxfire, Scorch, Conjure Flame, Inner Flame, Flame Wave.
     0 | D:1      | Reached XP level 1. HP: 15/15 MP: 0/0
   478 | D:1      | Reached XP level 2. HP: 15/21 MP: 0/0
  1539 | D:2      | Reached XP level 3. HP: 5/25 MP: 0/0
  1539 | D:2      | Learned a level 1 spell: Beastly Appendage
  1836 | D:2      | Reached skill level 3 in Spellcasting
  2151 | D:2      | Found a faded altar of an unknown god.
  3624 | D:3      | Reached XP level 4. HP: 28/31 MP: 0/0
  3756 | D:3      | Found a runed translucent door.
  3768 | D:3      | Noticed Crazy Yiuf
  3771 | D:3      | Identified the +7 hammer of Nucue {venom, Contam rC+ Will++
                  | Str+2}
  3807 | D:3      | Mangled by Crazy Yiuf

Illustrated notes

Levels and vault maps discovered:
D:1:      evilmike_arrival_crescent, layout_rooms
D:2:      layout_rooms, hellmonk_ecumenical_altar_heavens_door
D:3:      layout_loops_corners, uniq_crazy_yiuf_cottage

Skill      XL: |  1  2  3 |
---------------+----------+-----
Spellcasting   | 3 |  3.2
Ranged Weapons | |  0.5
Armour         | |  0.2
Dodging        | |  2.4
Stealth        | |  1.8

Action                   |  1- 3 |  4- 6 || total
-------------------------+-------+-------++-------
Melee: Mace              |       |     1 ||     1
 Fire: Sling             |     5 |       ||     5
Throw: Dart              |     1 |       ||     1
 Cast: Foxfire           |    44 |       ||    44
       Scorch            |    10 |     1 ||    11
Armor: Leather armour    |     2 |       ||     2
Dodge: Dodged            |     5 |     1 ||     6
